 Dungeon Crawl Stone Soup version 0.28.0-53-g5a82cb258f (webtiles) character file.

Game seed: 11651852099507516456

30 thriggle the Chiller (level 3, -7/26 HPs)
             Began as a Barachi Ice Elementalist on June 10, 2022.
             Mangled by Sigmund
             ... wielding a +2 scythe of distortion
              (15 damage)
             ... on level 2 of the Dungeon.
             The game lasted 00:05:23 (1022 turns).

thriggle the Chiller (Barachi Ice Elementalist)     Turns: 1022, Time: 00:05:24

Health: -7/26      AC:  2    Str:  9    XL:     3   Next: 18%
Magic:  3/6        EV: 12    Int: 17    God:
Gold:   19         SH:  0    Dex: 12    Spells: 3/7 levels left

rFire   . . .      SeeInvis .   e - +0 short sword
rCold   . . .      Faith    .   (no shield)
rNeg    . . .      Spirit   .   a - +0 robe
rPois   .          Reflect  .   (no helmet)
rElec   .          Harm     .   (no cloak)
rCorr   .          Rampage  .   (no gloves)
Will    .....                   (no boots)
Stlth   ++........              (no amulet)
HPRegen 0.08/turn               (no ring)
MPRegen 0.10/turn               (no ring)

@: freezing walls, slow
A: amphibious, slowness 1, strong legs 1, +LOS
a: Hop


You were on level 2 of the Dungeon.
You visited 1 branch of the dungeon, and saw 2 of its levels.

You collected 19 gold pieces.

Inventory:

Hand Weapons
 e - a +0 short sword (weapon)
Missiles
 c - 4 poisoned darts
Armour
 a - a +0 robe (worn)
Magical Staves
 b - a staff of earth
Scrolls
 d - 4 scrolls of identify {unknown}
 f - a scroll of teleportation {unknown}
Potions
 g - a potion of heal wounds {unknown}


   Skills:
 + Level 1.0 Fighting
 + Level 0.6 Long Blades
 + Level 0.6 Throwing
 + Level 1.0 Armour
 - Level 2.1 Dodging
 + Level 2.1 Stealth
 + Level 2.5 Spellcasting
 + Level 5.0 Ice Magic
 + Level 0.0 Earth Magic


You had 3 spell levels left.
You knew the following spells:

 Your Spells              Type           Power      Damage    Failure   Level
a - Freeze                Ice            76%        1d9       2%          1
b - Frozen Ramparts       Ice            38%        1d5       7%          3

Your spell library contained the following spells:

 Spells                   Type           Power      Damage    Failure   Level
 Ozocubu's Armour         Ice            19%        N/A       7%          3
 Sandblast                Erth           4%         2d4       19%         1
 Passwall                 Tmut/Erth      1%         N/A       28%         2
 Stone Arrow              Conj/Erth      4%         3d7       50%         3
 Hailstorm                Conj/Ice       10%        3d5       54%         4


Dungeon Overview and Level Annotations

Branches:
Dungeon (2/15)

Altars:

Annotations:
D:2 Sigmund


Innate Abilities, Weirdness & Mutations

You are amphibious.
You cover ground slowly.
You can hop short distances.
You have an extended range of vision and can be seen from far away.


Message History

Press: ? - help, Shift-Dir - straight line, f/p - adder
Aim: an adder (severely wounded, slow)
You freeze the adder!
You kill the adder!
Your Fighting skill increases to level 1!
Your Armour skill increases to level 1!
You have reached level 3!
Your experience leads to an increase in your attributes!
Increase (S)trength, (I)ntelligence, or (D)exterity?
You feel clever. x2
This spell is quite dangerous to cast!
Memorise Frozen Ramparts, consuming 3 spell levels and leaving 3?
You start memorising the spell.
You continue memorising. x3
You finish memorising.
Spell assigned to 'b'.
Magic restored.
Sigmund the Dreaded comes into view.
He is wielding a +2 scythe of distortion.
Sigmund hits you from afar with a +2 scythe of distortion!
You blink.
Sigmund moves out of view.
Casting: Freeze (safe; 2% risk of failure)
Confirm with . or Enter, or press ? or * to list all spells.
You can't see any susceptible monsters within range! (Use Z to cast anyway.)
Casting: Freeze (safe; 2% risk of failure)
Confirm with . or Enter, or press ? or * to list all spells.
The spell is quite dangerous to miscast (7% risk of failure)!
Continue anyway?
Casting: Frozen Ramparts (quite dangerous; 7% risk of failure)
Press: ? - help, Dir - look around, f - activate The walls around you are covered in ice.
Sigmund casts a spell at you. You resist with significant effort.
The wall freezes Sigmund.
Throw: 5 darts (poison)
Press: ? - help, Shift-Dir - straight line, f - Sigmund
Aim: Sigmund, wielding a +2 scythe of distortion and wearing a +0 robe (lightly wounded, 52% to hit)
You throw a poisoned dart. The poisoned dart hits Sigmund.
Sigmund is poisoned.
Sigmund is lightly wounded.
The wall freezes Sigmund.
Sigmund hits you from afar with a +2 scythe of distortion!
Space warps horribly around you!
Ouch! That really hurt!
You die...

########
#......#
#.# #.#
#@# #.#
#@# #.#
#.####
#....#
###
####.#
#<# #.#
#.# #.#
#.# #.#
#.# #.#
#.#


You could see Sigmund (poisoned).

Vanquished Creatures
  An adder (D:2)
  A ball python (D:1)
  3 bats (D:1)
  2 endoplasms (D:1)
  2 giant cockroaches (D:1)
  3 hobgoblins (D:1)
  2 jackals (D:1)
  2 kobolds (D:1)
  2 frilled lizards (D:1)
18 creatures vanquished.

Notes
Turn   | Place    | Note
-------+----------+-------------------------------------------
     0 | D:1      | thriggle the Barachi Ice Elementalist began the quest for
                  | the Orb.
     0 | D:1      | Reached XP level 1. HP: 13/13 MP: 3/3
   186 | D:1      | Reached XP level 2. HP: 20/20 MP: 1/5
   759 | D:1      | Reached skill level 5 in Ice Magic
   970 | D:2      | Reached skill level 1 in Fighting
   970 | D:2      | Reached skill level 1 in Armour
   970 | D:2      | Reached XP level 3. HP: 26/26 MP: 1/6
   974 | D:2      | Learned a level 3 spell: Frozen Ramparts
  1016 | D:2      | Noticed Sigmund
  1022 | D:2      | Mangled by Sigmund

Illustrated notes

Levels and vault maps discovered:
D:1:      wheals_arrival_linesprint, layout_basic, serial_curves,
          eino_curves_03, eino_curves_02
D:2:      layout_basic, chequers_ecumenical_altar_simple_redux, uniq_jessica,
          uniq_sigmund

Skill      XL: |  1  2 |
---------------+-------+-----
Stealth        | 2 |  2.1
Ice Magic      | 5 |  5.0
Fighting       | 1 |  1.0
Armour         | 1 |  1.0
Long Blades    | |  0.6
Throwing       | |  0.6
Dodging        | |  2.1
Spellcasting   | |  2.5

Action                   || total
-------------------------++-------
Melee: Short sword       ||     4
Throw: Dart              ||     1
 Cast: Freeze            ||    26
       Frozen Ramparts   ||     1
 Stab: Sleeping          ||     2
Armor: Robe              ||     3
Dodge: Dodged            ||    17
